AoeStats
← Kurzen

Arena

509399219Analyzed
1v1 RM · 4d ago on Sep 26, 2026· 37m 25s· 2 players
Game mode
Random Map
Map size
Tiny (2 player)
Population
200
Speed
Normal
Resources
Standard
Victory
Conquest
Starting age
Dark Age
Ending age
Imperial Age
RankedLock teamsTeams togetherTeam positionsShared explorationLock speedFull tech treeHidden civsTurbo modeCheats
Victory
Defeat
🇻🇳 Sicilians · Vietnam
1281
+15
🇫🇷 Saxons · France
1249
-15
Kurzen
12:00 Feudal Age
12:51 Double-Bit Axe
15:56 Castle Age
17:11 Loom
19:29 Horse Collar
24:11 Fortified Wall
24:59 Wheelbarrow
26:40 Guard Tower
29:30 Imperial Age
27:28 Fletching
28:01 Ballistics
27:25 Man-at-Arms
27:51 Gambesons
28:16 Heavy Plow
29:10 Long Swordsman
29:48 Bodkin Arrow
Heztai
1:08 Loom
2:37 Loom
3:57 Loom
11:00 Feudal Age
9:17 Loom
10:02 Loom
12:58 Horse Collar
15:29 Castle Age
13:46 Double-Bit Axe
14:21 Gold Mining
15:43 Wheelbarrow
15:44 Stone Mining
17:26 Bow Saw
20:18 Heavy Plow
21:35 Town Watch
24:40 First Crusade
24:33 Scale Mail Armor
25:43 First Crusade
25:51 Chain Mail Armor
25:47 Forging
26:18 Squires
26:40 Arson
27:42 Hand Cart
30:27 Iron Casting
29:43 Fletching
33:09 Imperial Age
32:43 Bodkin Arrow
33:05 Masonry
32:51 Murder Holes
33:17 Ballistics
35:52 Plate Mail Armor
35:49 Conscription
38:06 Blast Furnace
36:56 Arrowslits
37:38 Bracer
Connection lost

Rejoining the realm…

Still unreachable

The connection could not be restored.

Session expired

The server has moved on; the page needs a fresh start.